 Dungeon Crawl Stone Soup version 0.30.0-29-ga12c61a403 (webtiles) character file.

Game seed: 15409736077538775570

45 RascalDebosk the Magician (level 3, -4/27 HPs)
             Began as a Djinni Hexslinger on June 3, 2023.
             Slain by an orc
             ... wielding a +0 whip of electrocution
              (6 damage)
             ... on level 2 of the Dungeon.
             The game lasted 00:09:24 (1485 turns).

RascalDebosk the Magician (Djinni Hexslinger)       Turns: 1485, Time: 00:09:25

Health: -4/27      AC:  3    Str:  9    XL:     3   Next: 90%
Gold:   141        EV: 12    Int: 16    God:
                   SH:  0    Dex: 13

rFire   + + +        a - +1 sling
rCold   . . .        (no shield)
rNeg    . . .        m - +1 robe {rC+ rF+}
rPois   ∞            (no helmet)
rElec   .            (no cloak)
rCorr   .            (no gloves)
SInv    .            (boots unavailable)
Will    .....        g - amulet of the acrobat
Stlth   +            (no ring)
HPRegen 0.24/turn    (no ring)
MPRegen 0.00/turn

%: acrobat, infuse magic (-5 HP)
@: flying
A: sickness immunity, fire resistance 2, cold vulnerability 1, float, innate
caster, HP casting, extra vitality 1
a: no special abilities


You were on level 2 of the Dungeon.
You visited 1 branch of the dungeon, and saw 3 of its levels.

You collected 141 gold pieces.

Inventory:

Hand Weapons
 a - a +1 sling (weapon)
Armour
 c - a +0 robe
 m - a +1 robe of resistance (worn)
Jewellery
 g - an amulet of the acrobat (around neck)
Scrolls
 b - a scroll of poison
 d - 2 scrolls of enchant weapon {unknown}
 e - a scroll of vulnerability {unknown}
 h - a scroll of identify {unknown}
 l - a scroll of fear {unknown}
 n - a scroll of noise {unknown}
Potions
 f - a potion of attraction {unknown}
 i - 2 potions of curing {unknown}
 j - a potion of ambrosia {unknown}
 k - a potion of haste {unknown}


   Skills:
 - Level 1.0 Fighting
 - Level 1.5 Ranged Weapons
 - Level 2.1 Dodging
 * Level 3.5 Spellcasting


You knew the following spells:

 Your Spells              Type           Power      Damage    Failure   Level
a - Slow                  Hex            56%        N/A       4%          1
b - Inner Flame           Hex/Fire       14%        N/A       12%         3
c - Portal Projectile     Hex/Tloc       28%        N/A       12%         3
d - Cause Fear            Hex            7%         N/A       38%         4
e - Necrotise             Necr           56%        1d6       4%          1
Your spell library was empty.

Dungeon Overview and Level Annotations

Branches:
Dungeon (3/15)

Altars:
Zin


Innate Abilities, Weirdness & Mutations

You are immune to sickness and miasma.
You are immune to poison.
Your flesh is very heat resistant. (rF++)
You are vulnerable to cold. (rC-)
You float through the air rather than walking.
You learn spells naturally, not from books.
Your magical power is your life essence.
You have superior vitality. (+4 MHP)


Message History

Confirm with . or Enter, or press ? or * to list all spells.
The spell is quite dangerous to miscast (13% risk of failure)!
Continue anyway?
Aiming: Inner Flame (quite dangerous; 13% risk of failure)
Press: ? - help, Dir - move target, f/p - jackal
Aim: a jackal (moderately wounded, chance to affect: 80%)
The jackal is filled with an inner flame.
The endoplasm is engulfed in blazing flames.
You kill the endoplasm!
Casting: Inner Flame (quite dangerous; 13% risk of failure)
Confirm with . or Enter, or press ? or * to list all spells.
The spell is quite dangerous to miscast (13% risk of failure)!
Continue anyway?
Okay, then.
You shoot a sling bullet. The sling bullet hits the hobgoblin!
You kill the hobgoblin!
You shoot a sling bullet.
The sling bullet completely misses the jackal.
The sling bullet closely misses the jackal.
You shoot a sling bullet. The sling bullet misses the jackal.
The sling bullet closely misses the jackal.
You shoot a sling bullet. The sling bullet hits the jackal.
The jackal explodes!
The fiery explosion engulfs the jackal!!!
You kill the jackal!
You start resting.
HP restored.
You now have 141 gold pieces (gained 14).
Found a stone staircase leading up.
You see here a +1 robe of resistance.
You start removing your armour.
You continue taking off your +0 robe. x4
You finish taking off your +0 robe.
You start putting on your armour.
You continue putting on your +1 robe of resistance. x5
You finish putting on your +1 robe of resistance.
You feel resistant to extremes of temperature.
n - a scroll labelled SEDOEROURI You see here a +0 mace.
Found a glowing silver altar of Zin.
Found a club.
Found a dagger.
You see here a +0 ring mail.
Found a stone staircase leading down.
d - 2 scrolls labelled GUIGU OTIAZ (gained 1)
Found a book of Decay.
Found 2 stones.
Found 3 stones.
Done exploring.
Done exploring.
There is a stone staircase leading down here.
You fly downwards.
The orc shouts!
Found three items.
Found a stone staircase leading down.
There is a stone staircase leading up here.
Casting: Inner Flame (quite dangerous; 12% risk of failure)
Confirm with . or Enter, or press ? or * to list all spells.
Aiming: Slow (safe; 4% risk of failure)
Press: ? - help, Shift-Dir - straight line, f - orc
Aim: an orc, wielding a +0 hand axe and wearing a +0 leather armour (wandering, hasn't noticed you, chance to affect: 65%)
The orc shouts!
The orc seems to slow down.
You hear an angry hiss.
Casting: Slow (safe; 4% risk of failure)
Confirm with . or Enter, or press ? or * to list all spells.
Aiming: Slow (safe; 4% risk of failure)
Press: ? - help, Shift-Dir - straight line, f/p - orc
Aim: an orc, wielding a +0 hand axe and wearing a +0 leather armour (slow, chance to affect: 65%)
The orc seems to slow down.
Aiming: Slow (safe; 4% risk of failure)
Press: ? - help, Q - select action, (/) - cycle Shift-Dir - straight line, f/p - orc
Aim: an orc, wielding a +0 hand axe and wearing a +0 leather armour (slow, chance to affect: 65%)
The orc seems to slow down.
There are no items here.
The orc misses you.
You fly upwards.
There is a stone staircase leading down here.
Aiming: Slow (safe; 4% risk of failure)
Press: ? - help, Q - select action, (/) - cycle Shift-Dir - straight line, f - orc
Aim: an orc, wielding a +0 whip of electrocution and wearing a +0 chain mail (chance to affect: 65%)
The orc struggles to resist.
The orc closely misses you.
Aiming: Slow (safe; 4% risk of failure)
Press: ? - help, Q - select action, (/) - cycle Shift-Dir - straight line, f/p - orc
Aim: an orc, wielding a +0 whip of electrocution and wearing a +0 chain mail (chance to affect: 65%)
The orc struggles to resist.
The orc misses you.
Aiming: Slow (safe; 4% risk of failure)
Press: ? - help, Q - select action, (/) - cycle Shift-Dir - straight line, f/p - orc
Aim: an orc, wielding a +0 whip of electrocution and wearing a +0 chain mail (chance to affect: 65%)
The orc struggles to resist.
The orc hits you with a +0 whip of electrocution.
You are electrocuted!!
Ouch! That really hurt!
* * * LOW HITPOINT WARNING * * *
You are too injured to fight recklessly!
You are too injured to fight recklessly!
You are too injured to fight recklessly!
You are too injured to fight recklessly!
You shoot a sling bullet.
The sling bullet closely misses the orc.
The orc hits you with a +0 whip of electrocution.
You die...

##..(..##.....## #.#
##..............###.#
#................##.#
#................##.#
#........).......##.#
#................##.#
#..:.............##.#
#................##.#
##.o@...........###..
##.....).....[.....#
#####...._....###.#
#.#........##.#
#.#.....##.##.#
#.###.......... #.#
##.###.##.#
##.####.###.##.#
#..##<...##.##..


You could see an orc.

Vanquished Creatures
  3 dart slugs (D:1)
  6 endoplasms
  A giant cockroach (D:1)
  A goblin (D:2)
  3 hobgoblins
  3 jackals (D:2)
  2 kobolds (D:1)
  2 quokkas
  4 ball pythons (D:1)
  3 bats (D:1)
  3 frilled lizards (D:1)
  6 rats (D:1)
37 creatures vanquished.

Notes
Turn   | Place    | Note
-------+----------+-------------------------------------------
     0 | D:1      | RascalDebosk the Djinni Hexslinger began the quest for the
                  | Orb.
     0 | D:1      | RascalDebosk set off with the following spells memorised:
                  | Slow, Inner Flame, Portal Projectile, Cause Fear.
     0 | D:1      | Reached XP level 1. HP: 17/17 MP: 0/0
   129 | D:1      | Reached XP level 2. HP: 21/22 MP: 0/0
   317 | D:1      | Reached skill level 3 in Spellcasting
   442 | D:1      | Reached XP level 3. HP: 27/27 MP: 0/0
   442 | D:1      | Learned a level 1 spell: Necrotise
  1365 | D:2      | Found a glowing silver altar of Zin.
  1484 | D:2      | HP: 1/27 [orc/+0 whip of electrocution (20)]
  1485 | D:2      | Slain by an orc

Illustrated notes

Levels and vault maps discovered:
D:1:      dpeg_arrival_ratfight, layout_loops_corners
D:2:      layout_rooms, basic_altar
D:3:      layout_rooms, basic_ecumenical_altar, nicolae_nh_oracle_at_delphi,
          uniq_natasha

Skill      XL: |  1  2 |
---------------+-------+-----
Spellcasting   | 3 |  3.5
Fighting       | |  1.0
Ranged Weapons | |  1.5
Dodging        | |  2.1

Action                     || total
---------------------------++-------
   Fire: Sling             ||    86
   Cast: Necrotise         ||     8
         Slow              ||     6
         Inner Flame       ||     3
         Portal Projectile ||     1
 Armour: Robe              ||    12
  Dodge: Dodged            ||    28
